 Dungeon Crawl Stone Soup version 0.31-a0-321-g19405a7a6a (webtiles) character file.

Game seed: 1805895583754513971

5192 LeprechaunX the Grappler (level 10, -3/67 (69) HPs)
             Began as an Octopode Shapeshifter on July 17, 2023.
             Slain by a wight
             ... wielding a +2 hand axe of freezing
              (4 damage)
             ... on level 8 of the Dungeon.
             The game lasted 00:21:04 (7652 turns).

LeprechaunX the Grappler (Octopode Shapeshifter)    Turns: 7652, Time: 00:21:05

HP:   -3/67 (69)    AC:  8    Str: 23    XL:     10   Next: 60%
MP:   19/19         EV: 14    Int: 11    God:
Gold: 916           SH:  0    Dex: 14    Spells: 9/9 levels left

rFire   . . .        b - +0 short sword (protect)
rCold   . . .        (no shield)
rNeg    . . .        L - melded +0 hat {Will+}
rPois   .            q - amulet of regeneration
rElec   .            f - ring of wizardry
rCorr   .            p - +6 ring of strength
SInv    .            B - ring of magical power
Will    .....        (no ring)
Stlth   ++           (no ring)
HPRegen 1.11/turn    (no ring)
MPRegen 0.16/turn    (no ring)
                     (no ring)

%: wizardry (x1)
@: beast-form, under a protective aura, lightly drained
A: beast (slay +5), almost no armour, amphibious, 8 rings, camouflage 1,
gelatinous body 1, (nimble swimmer 1), tentacles
a: Begin Untransformation


You were on level 8 of the Dungeon.
You were a hulking beast.
You visited 1 branch of the dungeon, and saw 9 of its levels.
You also visited: Sewer, Ossuary and Bailey.

You collected 938 gold pieces.
You spent 22 gold pieces at shops.

Inventory:

Hand Weapons
 a - the +7 shortbow of Fauclu {freeze, rC+}
   (You took it off a kobold on level 7 of the Dungeon)

   rC:        It protects you from cold.
 b - a +0 short sword of protection (weapon)
 I - a +4 battleaxe of freezing
Missiles
 r - 32 poisoned darts
 y - a boomerang of dispersal
 C - 5 javelins (quivered)
Armour
 z - a +0 buckler
 L - a +0 hat of willpower (melded)
Jewellery
 f - a ring of wizardry (left tentacle)
 p - a +6 ring of strength (right tentacle)
 q - an amulet of regeneration (around mantle)
 B - a ring of magical power (on tentacle)
Talismans
 m - a beast talisman
Wands
 o - a wand of paralysis (3)
Scrolls
 c - 4 scrolls of amnesia
 d - 4 scrolls of fear {unknown}
 i - 3 scrolls of teleportation {unknown}
 j - 2 scrolls of immolation {unknown}
 l - 8 scrolls of identify
 t - 2 scrolls of revelation {unknown}
 x - 4 scrolls of enchant armour {unknown}
 A - 2 scrolls of vulnerability {unknown}
 E - a scroll of brand weapon {unknown}
 G - a scroll of fog {unknown}
 H - a scroll of enchant weapon {unknown}
 K - a scroll of blinking {unknown}
 N - a scroll of poison {unknown}
Potions
 e - 8 potions of heal wounds
 g - a potion of lignification
 h - a potion of berserk rage {unknown}
 k - 2 potions of might {unknown}
 n - 2 potions of cancellation {unknown}
 s - 3 potions of invisibility {unknown}
 u - 2 potions of brilliance {unknown}
 v - a potion of degeneration {unknown}
 w - 5 potions of curing
 F - 2 potions of mutation {unknown}
 J - 2 potions of haste {unknown}
 M - a potion of experience
Miscellaneous
 D - a phial of floods


   Skills:
 + Level 6.8 Fighting
 - Level 3.0 Short Blades
 + Level 3.8 Ranged Weapons
 - Level 4.0 Dodging
 + Level 8.6 Unarmed Combat
 * Level 8.3 Shapeshifting


You had 9 spell levels left.
You didn't know any spells.
Your spell library contained the following spells:

 Spells                   Type           Power      Damage    Failure   Level
 Magic Dart               Conj           0%         1d3       14%         1
 Blink                    Tloc           0%         N/A       21%         2
 Call Imp                 Summ           0%         N/A       21%         2
 Ensorcelled Hibernation  Hex/Ice        0%         N/A       21%         2
 Mephitic Cloud           Conj/Pois/Air  0%         N/A       38%         3
 Stone Arrow              Conj/Erth      0%         3d7       38%         3
 Anguish                  Hex/Necr       0%         N/A       77%         4
 Summon Forest            Summ/Tloc      0%         N/A       98%         5


Dungeon Overview and Level Annotations

Branches:
Dungeon (9/15)             Temple (0/1) D:7           Sewer (visited)
Ossuary (visited)          Bailey (visited)
   Lair: D:8-11         Orc: D:9-12

Altars:
Nemelex Xobeh
Okawaru
Yredelemnul

Shops:
D:5 ?   D:6 :

Annotations:
D:6 2 runed translucent doors, Monkooky's ghost, novice OpSh
D:7 2 runed translucent doors, Crazy Yiuf; innerfire43's ghost, novice DsMo


Innate Abilities, Weirdness & Mutations

You are a hulking beast.
Your limbs bulge with bestial killing power. (Slay +5)
You cannot wear most types of armour.
You are amphibious.
You can wear up to eight rings at the same time.
Your skin changes colour to match your surroundings (Stealth+).
Your rubbery body absorbs attacks. (AC +1, EV +1)
((You are camouflaged when in or above water. (Stealth+)))
You have tentacles for arms and can constrict up to eight enemies at once.


Message History

You hit the steam dragon.
Your weapon exudes an aura of protection.
You squeeze the steam dragon.
The steam dragon is moderately wounded.
You are engulfed in a cloud of scalding steam.
The steam dragon bites you!
* * * LOW HITPOINT WARNING * * *
The steam dragon claws you but does no damage.
You hit the steam dragon.
The steam dragon is moderately wounded.
You are engulfed in a cloud of scalding steam.
* * * LOW HITPOINT WARNING * * *
The steam dragon bites you but does no damage.
The steam dragon claws you but does no damage.
You hit the steam dragon but do no damage.
You squeeze the steam dragon.
The steam dragon is heavily wounded.
You hit the steam dragon. Your squeeze misses the steam dragon.
The steam dragon is severely wounded.
The steam dragon bites you.
* * * LOW HITPOINT WARNING * * *
The steam dragon claws you.
* * * LOW HITPOINT WARNING * * *
You hit the steam dragon.
The steam dragon is severely wounded.
The steam dragon closely misses you. The steam dragon misses you.
You closely miss the steam dragon. You tentacle-slap the steam dragon!
You kill the steam dragon!
You hit something.
Reactivating autopickup.
You feel a bit more experienced.
You hit the wight. You grab the wight.
The wight is lightly damaged.
You constrict the wight.
The wight hits you with a +2 hand axe of freezing!
* * * LOW HITPOINT WARNING * * *
You feel drained.
* * * LOW HITPOINT WARNING * * *
The wight freezes you.
You die...

......#.......#..............#
......##....#.#..#..........##
......##....#.##.##....#...##
.....$§#....#.##.#####..####
.....z.§..#)#..#†# #..#
.....)o##.#.##.#.# #..#
..)....§§.#.##...# #..#
.....###§§#..###.#####..#
.[...###..##..##h...##..##
..............oz.........#
....######..##.#.###.#..##
§...# ##.......##.#..# D....
####....##.#..# .....
#....##....# #....##....#
#######....# #....#


You could see a wight and an orc.

Vanquished Creatures
  Gastronok (D:8)
  An orc warlord (Bailey)
  Pikel (D:7)
  A wyvern (D:8)
  A steam dragon (D:8)
  Pargi (Sewer)
  Duvessa (D:7)
  2 orc warriors (Bailey)
  3 ice beasts
  A black bear (D:6)
  4 ogres
  A phantom (D:4)
  A lemure (D:7)
  2 kobold brigands (D:7)
  A bullfrog (D:7)
  A scorpion (D:4)
  6 wights
  Dowan (D:7)
  2 hounds
  3 orc priests
  3 iguanas
  6 orc wizards
  8 mummies (Ossuary)
  6 adders
  3 gnolls (Bailey)
  2 shadow imps
  3 white imps
  2 worms
  A dart slug (D:3)
  27 orcs
  5 bats
  6 endoplasms
  7 giant cockroaches
  A gnoll zombie (Ossuary)
  5 hobgoblins
  11 jackals
  4 quokkas
  6 ball pythons
  4 frilled lizards
  17 goblins
  A hobgoblin zombie (Ossuary)
  47 kobolds
  2 kobold zombies (Ossuary)
  4 orc zombies (Ossuary)
  7 rats
223 creatures vanquished.

Vanquished Creatures (others)
  An orc wizard (D:8)
1 creature vanquished.

Grand Total: 224 creatures vanquished

Notes
Turn   | Place    | Note
-------+----------+-------------------------------------------
     0 | D:1      | LeprechaunX the Octopode Shapeshifter began the quest for
                  | the Orb.
     0 | D:1      | Reached XP level 1. HP: 14/14 MP: 1/1
   157 | D:1      | Reached XP level 2. HP: 11/19 MP: 2/2
   585 | D:2      | Reached XP level 3. HP: 12/24 MP: 3/3
  1109 | D:2      | Reached XP level 4. HP: 27/30 MP: 4/4
  1659 | D:3      | Found a faded altar of an unknown god.
  2185 | D:4      | Found a sand-covered staircase.
  2192 | Ossuary  | Entered an ossuary
  2213 | Ossuary  | Reached XP level 5. HP: 29/35 MP: 5/5
  2559 | D:4      | Noticed a phantom
  2570 | D:4      | Killed a phantom
  2571 | D:4      | Reached XP level 6. HP: 42/42 MP: 6/6
  2974 | D:5      | Entered Level 5 of the Dungeon
  3071 | D:5      | Reached XP level 7. HP: 46/46 MP: 7/7
  3419 | D:5      | Reached skill level 1 in Short Blades
  3745 | D:5      | Found Qepnyoc's Magic Scroll Boutique.
  3752 | D:5      | Bought a scroll of identify for 22 gold pieces
  4221 | D:6      | Reached skill level 5 in Unarmed Combat
  4221 | D:6      | Reached skill level 5 in Shapeshifting
  4337 | D:6      | Found a large runed translucent door.
  4338 | D:6      | Found a large runed translucent door.
  4347 | D:6      | Noticed Monkooky's ghost (novice OpSh)
  4387 | D:6      | Found a glowing drain.
  4396 | D:6      | Reached XP level 8. HP: 54/54 MP: 8/8
  4404 | Sewer    | Entered a sewer
  4490 | Sewer    | Noticed Pargi
  4499 | Sewer    | Killed Pargi
  4602 | D:6      | Found a basalt altar of Yredelemnul.
  4661 | D:6      | Found an iron altar of Okawaru.
  4864 | D:6      | Found Xaopuw's Tiny Tomes.
  5057 | D:7      | Found a staircase to the Ecumenical Temple.
  5084 | D:7      | Found a runed translucent door.
  5085 | D:7      | Noticed Crazy Yiuf
  5424 | D:7      | Noticed Pikel
  5440 | D:7      | Killed Pikel
  5441 | D:7      | Reached XP level 9. HP: 52/60 MP: 9/9
  5458 | D:7      | Found a runed translucent door.
  5464 | D:7      | Noticed innerfire43's ghost (novice DsMo)
  5581 | D:7      | Reached skill level 5 in Fighting
  5599 | D:7      | Identified the +7 shortbow of Fauclu {freeze, rC+}
  5714 | D:7      | Noticed Dowan
  5715 | D:7      | Noticed Duvessa
  5726 | D:7      | Killed Duvessa
  5729 | D:7      | Killed Dowan
  6574 | D:8      | Found a flagged portal.
  6591 | Bailey   | Entered a bailey
  6673 | Bailey   | Noticed an orc warlord
  6727 | Bailey   | Reached skill level 1 in Ranged Weapons
  6897 | Bailey   | Found a runed translucent gate.
  6899 | Bailey   | Found a runed translucent gate.
  6900 | Bailey   | Found a runed translucent gate.
  7206 | Bailey   | Killed an orc warlord
  7207 | Bailey   | Reached XP level 10. HP: 68/68 MP: 10/10
  7286 | Bailey   | Got the Elucidation of Geometric Conflict
  7383 | D:8      | Found a sparkling altar of Nemelex Xobeh.
  7468 | D:8      | Noticed Gastronok
  7489 | D:8      | Killed Gastronok
  7652 | D:8      | HP: 1/67 [wight/+2 hand axe of freezing (6)]
  7652 | D:8      | Slain by a wight

Illustrated notes

Levels and vault maps discovered:
D:1:      onia_arrival_pentagram, layout_rooms, dk_noncrumbling_3
D:2:      layout_loops_corners
D:3:      layout_rooms, shapermc_ecumenical_altar_mp_highgroup, minivault_5,
          eino_tiny_chamber
D:4:      layout_basic, chequers_ossuary_entry_cave
D:5:      layout_basic, serial_shops, nicolae_shop_advertising_works
          [nicolae_subvault_shop_adworks]
D:6:      layout_basic, nicolae_overflow_squiral, cheibrodos_sewer_entry_drain,
          ebering_ghost_disaster_area, nicolae_shop_i_like_small_books_too,
          dreamdust_wishing_well, feat_on_display
D:7:      kennysheep_kobold_camp, layout_loops_corners,
          minmay_temple_entry_proselytizer, ebering_ghost_reflecting_pool,
          uniq_pikel, uniq_duvessa, uniq_crazy_yiuf_cottage
D:8:      layout_rooms, kennysheep_little_box, enter_bailey_5, minivault_5,
          uniq_maggie, uniq_gastronok
D:9:      layout_rooms, mainiacjoe_overflow_alcove_2, grunt_decor_arrowhead,
          minivault_26, minivault_20, uniq_erolcha

Skill      XL: |  1  2  3  4  5  6  7  8  9 10 |
---------------+-------------------------------+-----
Unarmed Combat | 3 4 5 6 8 |  8.6
Shapeshifting  | 4 5 6 7 8 |  8.3
Fighting       | 3 4 6 |  6.8
Dodging        | 3 4 |  4.0
Short Blades   | 2 3 |  3.0
Ranged Weapons | 2 3 |  3.8

Action                     |  1- 3 |  4- 6 |  7- 9 | 10-12 || total
---------------------------+-------+-------+-------+-------++-------
  Melee: Unarmed           |    31 |       |       |       ||    31
         Constrict         |    18 |    40 |    55 |     4 ||   117
         Tentacles         |    11 |    23 |    62 |     4 ||   100
         Punch             |     1 |     5 |    13 |     3 ||    22
         Dagger            |    25 |    15 |       |       ||    40
         Short sword       |       |   117 |   235 |    28 ||   380
   Fire: Shortbow          |       |       |    91 |    41 ||   132
  Throw: Javelin           |       |       |     4 |       ||     4
    Use: Scroll            |       |       |     3 |       ||     3
   Stab: Sleeping          |     3 |    13 |     8 |       ||    24
 Armour: Skin              |       |    24 |    40 |     8 ||    72
  Dodge: Dodged            |    27 |    55 |   136 |    23 ||   241
         Form:             |       |       |       |     1 ||     1
         Beast             |       |       |       |     1 ||     1

Table legend: (Time is in decaauts)
 A = Elapsed time spent in this place.
 B = Non-inter-level travel time spent in this place.
 C = Inter-level travel time spent in this place.
 D = Time resting spent in this place.
 E = Time spent auto-exploring this place.
 F = Levels seen in this place.
 G = Mean time per level.
                   A        B        C        D        E       F      G
               +--------+--------+--------+--------+--------+-----+--------+
         Total |   7643 |   7110 |    533 |    393 |   4824 |  12 |  636.9 |
       Dungeon |   6513 |   5980 |    533 |    204 |   4596 |   9 |  723.7 |
         Sewer |    136 |    136 |      0 |      0 |     78 |   1 |  136.0 |
       Ossuary |    260 |    260 |      0 |     78 |     88 |   1 |  260.0 |
        Bailey |    732 |    732 |      0 |    111 |     62 |   1 |  732.0 |
               +--------+--------+--------+--------+--------+-----+--------+

Top non-repeatable levels by time:
     D:7: 1499 daAuts
     D:5: 1078 daAuts
     D:2: 962 daAuts
     D:6: 849 daAuts
  Bailey: 732 daAuts
     D:3: 632 daAuts
     D:4: 561 daAuts
     D:1: 550 daAuts
     D:8: 376 daAuts
 Ossuary: 260 daAuts
   Sewer: 136 daAuts
     D:9: 2 daAuts
